 Dungeon Crawl Stone Soup version 0.28.0-53-g5a82cb258f (webtiles) character file.

Game seed: 11997411373459240053

61616 Peloso the Fencer (level 14, -3/130 HPs)
             Began as a Minotaur Fighter on May 27, 2022.
             Was a High Priest of Okawaru.
             Slain by a skeletal warrior
             ... wielding a +0 trident
             ... led by a skeletal warrior
              (10 damage)
             ... on level 13 of the Dungeon.
             The game lasted 00:41:18 (27925 turns).

Peloso the Fencer (Minotaur Fighter)               Turns: 27925, Time: 00:41:19

Health: -3/130     AC: 22    Str: 22    XL:     14   Next: 61%
Magic:  14/14      EV: 12    Int: 10    God:    Okawaru [*****.]
Gold:   1774       SH: 19    Dex: 22    Spells: 13/13 levels left

rFire   + + .      SeeInvis +   a - +6 long sword of Gozag's Scorn {venom, *Rage rElec SInv Stlth+}
rCold   . . .      Faith    .   c - +4 kite shield of Space {Int+5}
rNeg    . . .      Spirit   .   e - +3 chain mail {rF+}
rPois   .          Reflect  .   (helmet restricted)
rElec   +          Harm     .   (no cloak)
rCorr   .          Rampage  .   (no gloves)
Will    +....      Rage     20% N - +0 pair of boots of Wu Jian's Wrath {Dex+8}
Stlth   +.........              (no amulet)
HPRegen 0.31/turn               K - +4 ring of protection
MPRegen 0.14/turn               h - ring of protection from fire

@: on berserk cooldown, slowed, very slow
A: horns 2, retaliatory headbutt
a: Renounce Religion, Heroism, Finesse, Duel


You were on level 13 of the Dungeon.
You worshipped Okawaru.
Okawaru was extremely pleased with you.
You visited 4 branches of the dungeon, and saw 20 of its levels.
You also visited: Volcano.

You collected 1798 gold pieces.
You spent 24 gold pieces at shops.

Inventory:

Hand Weapons
 a - the +6 long sword of Gozag's Scorn (weapon) {venom, *Rage rElec SInv Stlth+}
   (You found it on level 7 of the Dungeon)

   It poisons the flesh of those it strikes.
   rElec:     It insulates you from electricity.
   SInv:      It lets you see invisible.
   *Rage:     It berserks you when you make melee attacks (+20% chance).
   Stlth:     It makes you more stealthy.
 b - the +3 rapier of Indignation {flame, Fly Int-3 Dex+4}
   (You found it on level 9 of the Dungeon)

   It burns those it strikes, dealing additional fire damage.
   Int:       It affects your intelligence (-3).
   Dex:       It affects your dexterity (+4).
   Fly:       It grants you flight.
Missiles
 O - 4 throwing nets (quivered)
Armour
 c - the +4 kite shield of Space (worn) {Int+5}
   (Okawaru gifted it to you on level 11 of the Dungeon)

   Int:       It affects your intelligence (+5).
 e - a +3 chain mail of fire resistance (worn)
 k - a +0 chain mail
 v - a +0 chain mail of cold resistance
 N - the +0 pair of boots of Wu Jian's Wrath (worn) {Dex+8}
   (You found it on level 11 of the Dungeon)

   Dex:       It affects your dexterity (+8).
 Q - +1 swamp dragon scales
Jewellery
 h - a ring of protection from fire (right hand)
 l - a ring of resist corrosion
 x - a +6 ring of dexterity
 E - a ring of magical power
 K - a +4 ring of protection (left hand)
Wands
 n - a wand of polymorph (30)
 q - a wand of digging (15)
 s - a wand of paralysis (28)
 z - a wand of acid (5)
 J - a wand of iceblast (4)
Scrolls
 f - 7 scrolls of teleportation
 i - 2 scrolls of acquirement
 j - a scroll of enchant armour
 p - 4 scrolls of blinking
 t - a scroll of noise
 w - a scroll of fear
 y - 3 scrolls of amnesia
 A - a scroll of summoning
 B - 2 scrolls of immolation
 C - a scroll of magic mapping
 D - 2 scrolls of fog {unknown}
 H - a scroll of brand weapon {unknown}
 M - a scroll of silence {unknown}
 P - a scroll of enchant weapon {unknown}
 R - a scroll of vulnerability {unknown}
 U - a scroll of holy word {unknown}
Potions
 d - 5 potions of might
 g - 3 potions of curing
 m - 4 potions of haste
 o - 4 potions of ambrosia
 r - a potion of brilliance
 u - a potion of magic
 F - a potion of flight
 G - a potion of invisibility
 L - 2 potions of cancellation
Miscellaneous
 I - a condenser vane
 T - a tin of tremorstones (2/2)


   Skills:
 + Level 13.7 Fighting
 + Level 2.6(10.0) Short Blades
 + Level 16.0(16.1) Long Blades
 + Level 15.8 Armour
 + Level 6.1 Dodging
 + Level 2.5 Stealth
 + Level 15.6 Shields
 + Level 1.7 Invocations


You had 13 spell levels left.
You didn't know any spells.
Your spell library contained the following spells:

 Spells                   Type           Power      Damage    Failure   Level
 Foxfire                  Conj/Fire      0%         2x1d4     96%         1
 Shock                    Conj/Air       0%         1d3       96%         1
 Scorch                   Fire           0%         2d5       99%         2
 Conjure Flame            Conj/Fire      0%         6-21      100%        3
 Inner Flame              Hex/Fire       0%         N/A       100%        3
 Portal Projectile        Hex/Tloc       0%         N/A       100%        3
 Swiftness                Air            0%         N/A       100%        3
 Airstrike                Air            0%         N/A       100%        4
 Flame Wave               Conj/Fire      0%         2d4       100%        4
 Blade Hands              Tmut           0%         N/A       100%        5
 Excruciating Wounds      Necr           0%         N/A       100%        5
 Starburst                Conj/Fire      0%         6d3       100%        6
 Fire Storm               Conj/Fire      0%         5d1       100%        9


Dungeon Overview and Level Annotations

Branches:
Dungeon (13/15)            Temple (1/1) D:5            Lair (4/6) D:9
  Swamp (0/4) Lair:3        Snake (0/4) Lair:3          Orc (2/2) D:11
    Elf (0/3) Orc:2       Volcano (visited)
 Vaults: D:13-14

Altars:
Cheibriados
Dithmenos
Fedhas
Gozag
Hepliaklqana
Makhleb
Nemelex Xobeh
Okawaru
Trog
Uskayaw
Vehumet
Xom
Yredelemnul
Zin
Beogh

Shops:
D:1 *   D:12 (   Orc:2 (*::

Portals:
Trove: D:10 (show slimy rune of Zot)

Annotations:
D:10 3 runed translucent doors


Innate Abilities, Weirdness & Mutations

You have a pair of horns on your head.
You reflexively headbutt those who attack you in melee.


Message History

The skeletal warrior closely misses you.
The skeletal warrior hits you with a +0 short sword!
* * * LOW HITPOINT WARNING * * *
You feel better.
You block the skeletal warrior's attack. x3
The skeletal warrior hits you with a +0 vorpal scimitar.
* * * LOW HITPOINT WARNING * * *
x2 Unknown command.
You can't see any enemies this would affect, really read the scroll of fear?
Okay, then.
Unknown command.
You hit the skeletal warrior but do no damage.
The skeletal warrior is severely damaged.
The skeletal warrior hits you with a +0 short sword!
* * * LOW HITPOINT WARNING * * *
The skeletal warrior hits you but does no damage.
You block the skeletal warrior's attack.
Unknown command.
You slash the skeletal warrior!
Your headbutt misses the skeletal warrior.
The skeletal warrior is almost destroyed.
You block the skeletal warrior's attack. x3
The skeletal warrior hits you but does no damage.
Unknown command.
You slice the skeletal warrior!!
You destroy the skeletal warrior!
Okawaru accepts your kill.
The skeletal warrior hits you but does no damage.
Unknown command.
You barely miss the skeletal warrior.
The skeletal warrior hits you but does no damage.
You block the skeletal warrior's attack.
The skeletal warrior hits you with a +0 vorpal scimitar!
* * * LOW HITPOINT WARNING * * *
x2 You block the skeletal warrior's attack.
Unknown command.
You feel better.
You block the skeletal warrior's attack. x2
The skeletal warrior hits you from afar with a +0 trident!
You die...

#.## #..##
# #...##
#. #....#
#.###....+
#.......#
##<#...##
##z..##
##@#.##
#z##.#
#z.#...
#..z....
#..##....
#..####.#.
#..# ...#
#..# #..#


You could see 3 skeletal warriors.

Vanquished Creatures
  Gastronok (D:10)
  An orc warlord (D:11)
  A minotaur (Lair:3)
  An ettin (Orc:1)
  The ghost of Hedaole the Destroyer, a journeyman OpCj of Vehumet (Lair:2)
  Harold (D:11)
  2 boulder beetles
  A centaur warrior (Orc:2)
  6 hydras
  The ghost of Ornithology the Zephyrmancer, a journeyman TeAE of Ashenzari (D:12)
  2 two-headed ogres
  7 skeletal warriors
  A sun demon (Volcano)
  6 orc knights
  2 bog bodies (Lair:3)
  A lindwurm (Lair:4)
  Pikel (D:4)
  An oklob plant (Lair:4)
  2 ugly things
  3 orc sorcerers
  A cyclops (D:7)
  A manticore (D:12)
  2 moths of wrath (Lair:2)
  2 black mambas (Lair:2)
  12 elephants
  14 cane toads
  Maggie (Lair:1)
  2 kobold demonologists (D:12)
  Psyche (D:10)
  9 komodo dragons
  A red devil (Volcano)
  Grinder (D:4)
  6 trolls
  9 blink frogs
  5 slime creatures
  6 basilisks
  6 fire bats (Volcano)
  A wraith (D:12)
  6 wyverns
  18 yaks
  10 vampire mosquitoes
  5 nagas (Lair:3)
  An acid dragon (D:9)
  10 water moccasins
  A hell hound (Volcano)
  5 wargs
  An ice beast (D:7)
  39 orc warriors
  2 necrophages (D:6)
  4 black bears
  5 ogres
  4 wolves (Lair:2)
  14 centaurs
  2 lemures
  2 phantoms
  10 kobold brigands
  12 bullfrogs
  5 scorpions
  2 water moccasin zombies
  4 killer bees (D:8)
  2 electric eels (D:6)
  A wight (D:10)
  7 howler monkeys
  9 lava snakes (Volcano)
  8 centaur zombies
  5 hounds
  A jelly (D:5)
  A bullfrog zombie (D:6)
  A centaur skeleton (D:5)
  8 orc priests
  A gnoll shaman (D:10)
  4 iguanas
  22 orc wizards
  3 howler monkey zombies
  Robin (D:2)
  4 adders
  12 gnolls
  A white imp (D:5)
  4 ufetubi
  2 dart slugs
  61 orcs
  6 bats
  5 endoplasms
  5 giant cockroaches
  5 hobgoblins
  16 jackals
  4 quokkas
  13 ball pythons
  5 frilled lizards
  19 goblins
  6 kobolds
  5 rats
531 creatures vanquished.

Vanquished Creatures (others)
  An orc (Orc:1)
  3 fungi
  48 plants
  16 toadstools (Lair:4)
68 creatures vanquished.

Grand Total: 599 creatures vanquished

Notes
Turn   | Place    | Note
-------+----------+-------------------------------------------
     0 | D:1      | Peloso the Minotaur Fighter began the quest for the Orb.
     0 | D:1      | Reached XP level 1. HP: 19/19 MP: 0/0
    79 | D:1      | Found Jihaoheti's Assorted Antiques.
   174 | D:1      | Reached XP level 2. HP: 25/27 MP: 1/1
   325 | D:1      | Reached XP level 3. HP: 14/33 MP: 2/2
  1594 | D:2      | Reached skill level 3 in Long Blades
  1620 | D:2      | Reached XP level 4. HP: 40/41 MP: 3/3
  1714 | D:2      | Noticed Robin
  1722 | D:2      | Killed Robin
  2029 | D:2      | Reached skill level 1 in Dodging
  2277 | D:3      | Found a faded altar of an unknown god.
  2337 | D:3      | Found a hide-covered altar of Uskayaw.
  2368 | D:3      | Reached XP level 5. HP: 18/47 MP: 4/4
  2707 | D:3      | Reached skill level 4 in Long Blades
  2933 | D:3      | Reached skill level 5 in Armour
  2941 | D:3      | Reached XP level 6. HP: 15/53 MP: 5/5
  3367 | D:3      | Identified a scroll of acquirement
  3505 | D:4      | Noticed Grinder
  3518 | D:4      | Paralysed by Grinder for 3 turns
  3930 | D:4      | Paralysed by Grinder for 4 turns
  3936 | D:4      | Killed Grinder
  3937 | D:4      | Reached skill level 5 in Fighting
  3937 | D:4      | Reached skill level 5 in Long Blades
  3937 | D:4      | Reached skill level 5 in Shields
  3937 | D:4      | Reached XP level 7. HP: 4/61 MP: 6/6
  4237 | D:4      | Found a hazy altar of Hepliaklqana.
  4239 | D:4      | Found a shadowy altar of Dithmenos.
  4239 | D:4      | Noticed a shadow
  4364 | D:4      | Noticed Pikel
  4758 | D:4      | Killed Pikel
  4759 | D:4      | Reached skill level 6 in Long Blades
  4772 | D:4      | Identified the +3 ring mail of the Vacuum {Int-5 SInv
                  | Stlth+}
  4878 | D:4      | Reached XP level 8. HP: 62/70 MP: 7/7
  5446 | D:5      | Entered Level 5 of the Dungeon
  5555 | D:5      | Reached skill level 7 in Long Blades
  5889 | D:5      | Found a staircase to the Ecumenical Temple.
  5909 | Temple   | Entered the Ecumenical Temple
  5980 | Temple   | Became a worshipper of Warmaster Okawaru
  6549 | D:6      | Reached skill level 8 in Long Blades
  6667 | D:6      | Reached * piety under Okawaru
  6695 | D:6      | Reached XP level 9. HP: 56/78 MP: 8/8
  7391 | D:7      | Noticed a cyclops
  7399 | D:7      | Killed a cyclops
  7400 | D:7      | Reached skill level 9 in Long Blades
  7645 | D:7      | Reached ** piety under Okawaru
  7683 | D:7      | Identified the +6 long sword of Gozag's Scorn {venom, *Rage
                  | rElec SInv Stlth+}
  8837 | D:1      | Bought a scroll labelled TUEPHA HIROX for 24 gold pieces
  9185 | D:8      | Reached skill level 10 in Long Blades
  9347 | D:8      | Reached skill level 10 in Armour
 10126 | D:9      | Noticed an elephant
 10152 | D:9      | Reached XP level 10. HP: 78/86 MP: 9/9
 10162 | D:9      | Killed an elephant
 10162 | D:9      | Reached *** piety under Okawaru
 10173 | D:9      | Reached skill level 11 in Long Blades
 10315 | D:9      | Found a staircase to the Lair.
 10440 | D:9      | Found a glowing silver altar of Zin.
 10912 | D:9      | Reached **** piety under Okawaru
 10925 | D:9      | Identified the +3 rapier of Indignation {flame, Fly Int-3
                  | Dex+4}
 11039 | D:9      | Got Asmodeus's Tome of the Arsonist
 11211 | D:10     | Entered Level 10 of the Dungeon
 11211 | D:10     | Noticed a red ugly thing
 11211 | D:10     | Noticed a glowing orange brain
 11211 | D:10     | Noticed a purple ugly thing
 11211 | D:10     | Found a runed translucent gate.
 11211 | D:10     | Found a runed translucent gate.
 11211 | D:10     | Found a runed translucent gate.
 11213 | D:10     | Noticed a white ugly thing
 11214 | D:10     | Noticed a white ugly thing
 11220 | D:10     | Found a basalt altar of Yredelemnul.
 11264 | D:10     | Noticed Psyche
 11269 | D:10     | Killed Psyche
 11270 | D:10     | Reached skill level 12 in Long Blades
 11290 | D:10     | Noticed Gastronok
 11302 | D:10     | Killed Gastronok
 11302 | D:10     | Reached ***** piety under Okawaru
 11303 | D:10     | Reached XP level 11. HP: 97/97 MP: 7/10
 11469 | D:10     | Found a burning altar of Makhleb.
 11477 | D:10     | Found a portal to a secret trove of treasure.
 11521 | D:10     | Reached skill level 13 in Long Blades
 11806 | D:10     | Noticed a seven-headed hydra
 11813 | D:10     | Killed a seven-headed hydra
 11896 | D:10     | Noticed a boulder beetle
 11911 | D:10     | Killed a boulder beetle
 12191 | D:10     | Noticed a white ugly thing
 12239 | D:10     | Killed a white ugly thing
 12239 | D:10     | Reached ****** piety under Okawaru
 12240 | D:10     | Reached skill level 1 in Stealth
 12308 | D:10     | Reached skill level 1 in Short Blades
 12896 | D:10     | Noticed a green death
 13247 | D:11     | Found a runed translucent gate.
 13248 | D:11     | Found a runed translucent gate.
 13248 | D:11     | Noticed Ornithology's ghost (journeyman TeAE)
 13249 | D:11     | Found a runed translucent gate.
 13272 | D:11     | Identified the +4 kite shield of Space {Int+5} (Okawaru
                  | gifted it to you on level 11 of the Dungeon)
 13272 | D:11     | Received a gift from Okawaru
 13277 | D:11     | Identified the +0 pair of boots of Wu Jian's Wrath {Dex+8}
 13401 | D:11     | Noticed Harold
 13405 | D:11     | Noticed a two-headed ogre
 13414 | D:11     | Killed Harold
 13416 | D:11     | Killed a two-headed ogre
 13417 | D:11     | Reached skill level 10 in Fighting
 13707 | D:11     | Found a staircase to the Orcish Mines.
 13737 | D:11     | Reached skill level 14 in Long Blades
 14151 | Lair:1   | Entered Level 1 of the Lair of Beasts
 14450 | Lair:1   | Noticed Maggie
 14454 | Lair:1   | Reached XP level 12. HP: 106/106 MP: 11/11
 14463 | Lair:1   | Killed Maggie
 14566 | Lair:1   | Noticed a five-headed hydra
 14576 | Lair:1   | Killed a five-headed hydra
 14577 | Lair:1   | Reached skill level 1 in Invocations
 14746 | Lair:1   | Identified the +2 ring mail of Hospitality {Int+6 Dex-5}
 15160 | Lair:2   | Noticed an eight-headed hydra
 15187 | Lair:2   | Killed an eight-headed hydra
 15234 | Lair:2   | Found a dark tunnel.
 15465 | Volcano  | Entered a volcano
 15706 | Volcano  | Received a gift from Okawaru
 15787 | Volcano  | Found a burning altar of Makhleb.
 16123 | Lair:2   | Found a transporter.
 16127 | Lair:2   | Noticed Hedaole's ghost (journeyman OpCj)
 16148 | Lair:2   | Reached skill level 10 in Shields
 16408 | Lair:2   | Reached skill level 15 in Long Blades
 16712 | Lair:2   | Found a transporter.
 17407 | Lair:3   | Reached XP level 13. HP: 117/117 MP: 12/12
 17593 | Lair:3   | Found a staircase to the Snake Pit.
 17796 | Lair:3   | Found a staircase to the Swamp.
 17806 | Lair:3   | Identified the +4 double sword of Ladymieb {vorpal, rElec
                  | Str-5 Int+2} (Okawaru gifted it to you on level 3 of the
                  | Lair of Beasts)
 17806 | Lair:3   | Received a gift from Okawaru
 18199 | Lair:3   | Found a runed translucent door.
 18547 | Lair:4   | Identified the +1 ring mail "Yrauw" {rPois Will+ Str-5}
 18709 | Lair:4   | Identified the +2 leather armour "Devets" {Harm rN+}
 18825 | Lair:4   | Reached skill level 15 in Armour
 19114 | Lair:4   | Received a gift from Okawaru
 19329 | Lair:4   | Received a gift from Okawaru
 19662 | Lair:4   | Reached skill level 5 in Dodging
 19946 | Lair:4   | Found a blossoming altar of Fedhas.
 21316 | D:12     | Killed Ornithology's ghost
 22068 | Lair:2   | Killed Hedaole's ghost
 22071 | Lair:2   | Reached XP level 14. HP: 129/129 MP: 12/14
 22907 | D:12     | Found Koehy's Weapon Boutique.
 23280 | D:12     | Received a gift from Okawaru
 23517 | Orc:1    | Entered Level 1 of the Orcish Mines
 23539 | Orc:1    | Noticed an orc warlord
 24108 | D:11     | Killed an orc warlord
 25485 | Orc:1    | You fall into a shaft and drop 1 floor!
 25485 | Orc:2    | Entered Level 2 of the Orcish Mines
 25909 | Orc:2    | Received a gift from Okawaru
 25917 | Orc:2    | Reached skill level 16 in Long Blades
 26526 | Orc:2    | Found a staircase to the Elven Halls.
 26530 | Orc:2    | Found Waduz's Book Boutique.
 26637 | Orc:2    | Reached skill level 15 in Shields
 27053 | Orc:2    | Identified the +1 robe of the Butcher {Drain rElec rN+
                  | Dex+2} (Okawaru gifted it to you on level 2 of the Orcish
                  | Mines)
 27053 | Orc:2    | Received a gift from Okawaru
 27226 | Orc:2    | Found Nieseow's General Store.
 27226 | Orc:2    | Found Atwaloa's Book Shoppe.
 27228 | Orc:2    | Found Esohodih's Magic Scroll Emporium.
 27230 | Orc:2    | Found Orixty's Weapon Boutique.
 27924 | D:13     | HP: 4/130 [skeletal warrior/+0 vorpal scimitar (9)]
 27925 | D:13     | Slain by a skeletal warrior

Illustrated notes

Levels and vault maps discovered:
D:1:      giann_forest_graveyard, layout_loops_ring, serial_shops,
          nicolae_shop_temple_entry_statues_fountains, minmay_cupped
D:2:      layout_basic, patterned_corridor, uniq_robin
D:3:      layout_basic, mainiacjoe_overflow_concentric_impassable,
          basic_ecumenical_altar, minivault_24, grunt_ministairs_9,
          chequers_serial_rivers_small_3, st_stairs_4, cheibrodos_gnoll_hut
D:4:      layout_basic, riverfiend_overflow_shadow_ancestor, uniq_pikel,
          uniq_grinder
D:5:      layout_loops_ring, minmay_temple_entry_mist, feat_on_display
D:6:      layout_layer_cave, serial_bayou, serial_bayou_pond_a,
          serial_bayou_pond_e, serial_bayou_ford_a, serial_bayou_lagoon_a,
          minmay_increasing_density
D:7:      layout_loops_ring
D:8:      layout_basic
D:9:      layout_roguey, mainiacjoe_overflow_alcove_1, david_lair_generic,
          minivault_22, grunt_decor_junction
D:10:     minmay_general_purpose_star, layout_basic, yredelemnul_altar_generic,
          makhleb_altar_promises_db, enter_trove_3,
          ploomutoo_gammafunk_ghost_potion_laboratory, minmay_the_grid_2x2
          [minmay_the_grid_plusring, minmay_the_grid_minigrid_medium,
          minmay_the_grid_paths, minmay_the_grid_prize_big_room], uniq_psyche,
          uniq_gastronok
D:11:     layout_gridville, kennysheep_orc_monster_closet_entryway,
          gammafunk_ghost_nasty_kobolds, uniq_harold
D:12:     layout_cave_pods, serial_shops, shop
D:13:     layout_loops_ring, lightli_vaults_fourway_checkpoint, special_room
          [special_room_orc], minmay_diced_spiral
Temple:   eino_temple_scatter_basement
Lair:1:   layout_small_grid, grunt_megastairs_4, lemuel_fruit_tree, uniq_maggie
Lair:2:   layout_roguey, enter_volcano_1, gammafunk_ghost_berserking_beasts,
          beast_lair_carwin_11
Lair:3:   dreamdust_labyrinth, layout_gridlike, skrybe_swamp_entry_bodies,
          minmay_snake_entry_guardpost_medium
Lair:4:   layout_regular_city, tgw_fedhas
Orc:1:    nicolae_orc_accident_2, layout_caves, nicolae_orc_tapped_out
Orc:2:    st_orc_rangers, layout_caves, serial_shops, shop, basic_altar

Skill      XL: |  1  2  3  4  5  6  7  8  9 10 11 12 13 14 |
---------------+-------------------------------------------+-----
Fighting       | 4 5 6 7 9 10 11 13 | 13.7
Shields        | 4 5 6 7 8 11 13 15 | 15.6
Armour         | 4 5 7 8 10 12 13 14 15 | 15.8
Long Blades    | 3 4 5 6 8 10 12 14 15 16 | 16.0
Dodging        | 1 2 3 4 5 6 |  6.1
Stealth        | 1 2 |  2.5
Short Blades   | 1 2 |  2.6
Invocations    | 1 |  1.7

Action                   |  1- 3 |  4- 6 |  7- 9 | 10-12 | 13-15 || total
-------------------------+-------+-------+-------+-------+-------++-------
Melee: Long sword        |    95 |   140 |   261 |   468 |   628 ||  1592
       Headbutt          |    13 |    25 |    66 |   136 |   187 ||   427
       Rapier            |       |       |       |    17 |    23 ||    40
Invok: Heroism           |       |       |     1 |     6 |    13 ||    20
Evoke: Wand              |       |       |       |       |     1 ||     1
  Use: Potion            |     3 |       |       |       |     5 ||     8
       Scroll            |     2 |     1 |     5 |     8 |     4 ||    20
 Stab: Distracted        |       |       |       |     1 |       ||     1
Armor: Scale mail        |    57 |    22 |       |       |       ||    79
       Chain mail        |       |    52 |   109 |   191 |   225 ||   577
Dodge: Dodged            |    51 |    51 |    87 |   159 |   232 ||   580
Block: Buckler           |    26 |    31 |    62 |    34 |       ||   153
       Kite shield       |       |       |       |   297 |   782 ||  1079
